 Dungeon Crawl Stone Soup version 0.19.0 (webtiles) character file.

84 PurpleRed the Skirmisher (level 4, -3/37 HPs)
             Began as a Formicid Fighter on Nov 11, 2016.
             Killed by divine providence
             ... invoked by an orc priest
              (14 damage)
             ... on level 3 of the Dungeon.
             The game lasted 00:02:18 (1767 turns).

PurpleRed the Skirmisher (Formicid Fighter)         Turns: 1767, Time: 00:02:19

Health: -3/37      AC:  6    Str: 21    XL:     4   Next: 74%
Magic:  4/4        EV:  7    Int:  8    God:
Gold:   85         SH:  9    Dex: 10    Spells: 0 memorised, 3 levels left

rFire  . . .     SeeInvis +     a - +0 war axe
rCold  . . .     Gourm    .     b - +0 scale mail
rNeg   . . .     Faith    +     c - +0 shield
rPois  +         Spirit   .     (helmet unavailable)
rElec  .         Reflect  .     (no cloak)
rCorr  .         Harm     .     (no gloves)
MR     .....                    (no boots)
Stlth  ..........               s - amulet of faith
                                (no ring)
                                r - ring of poison resistance

@: no status effects
A: permanent stasis, dig shafts and tunnels, four strong arms, antennae 3
a: Dig, Shaft Self


You were on level 3 of the Dungeon.
You were not hungry.

You visited 1 branch of the dungeon, and saw 3 of its levels.

You collected 85 gold pieces.

Inventory:

Hand Weapons
 a - a +0 war axe (weapon)
Missiles
 h - 2 javelins of penetration (quivered)
Armour
 b - a +0 scale mail (worn)
 c - a +0 shield (worn)
Jewellery
 r - a ring of poison resistance (left hand)
 s - an amulet of faith (around neck)
Scrolls
 j - a scroll of magic mapping
 q - 2 scrolls of remove curse
Potions
 d - a potion of might
 k - a potion of curing
 l - a potion of mutation {unknown}
 o - a potion of heal wounds {unknown}
 p - a potion of resistance {unknown}
Comestibles
 f - 4 bread rations
 m - a beef jerky


   Skills:
 + Level 4.2 Fighting
 * Level 3.8 Axes
 - Level 3.2 Armour
 - Level 3.6 Shields


You had 3 spell levels left.
You didn't know any spells.

Dungeon Overview and Level Annotations

Branches:
Dungeon (3/15)

Altars:
Ashenzari


Innate Abilities, Weirdness & Mutations

You are under a permanent stasis effect.
You can dig through walls and to a lower floor.
Your four strong arms can wield two-handed weapons with a shield.
You have a pair of large antennae on your head. (SInv)


Message History

2 orcs and an orc wizard come into view.
The orc wizard shouts!
The orc shouts! x2
You closely miss the orc priest.
The orc priest invokes the aid of Beogh against you.
Beogh smites you!
The orc priest looks braver for a moment.
A frilled lizard comes into view.
The frilled lizard hisses angrily.
You hit the orc priest.
The orc priest is moderately wounded.
The orc priest mumbles some strange prayers to Beogh against you.
Beogh smites you!
* * * LOW HITPOINT WARNING * * *
An orc comes into view. It is wielding a mace.
The orc shouts!
You hit the orc priest but do no damage.
The orc priest is moderately wounded.
The orc priest calls down the wrath of Beogh upon you.
Beogh smites you!
You die...

*,**,,,,,,,,,* #..#*,,,..#.#.
*,**********.##**###...,,,,..#.#.
*,* *,..,,,....##.**#.#...
*,***** **#.***#.....,* #.#...
*,,,,,* #w#* #...#*** #.#...
*,,,,,* ###..*##...# #.....
,,,,,,***###....##....#######.##.
,,,,,,,*,.............#.)...#.##.
*,,,,,,,,......o@..<....†.....#..
*,,,,,**,...lo.o..#..........#...
*,,,,,**,....o%.#....##......#...
*,,,,,**,.o.........########.#...
*,,,,,**,........#### #.##..
*,,,,,*,,.......#* **#.##..
******,,,.......* *,..#...
*,,,,,,,*#######* **,###..†
*,*,,**** *,,* #...


You could see an orc priest, an orc wizard, a dart slug, 3 orcs and a frilled
lizard.

Vanquished Creatures
  4 adders (D:2)
  2 dart slugs
  A leopard gecko (D:1)
  An orc (D:3)
  A ball python (D:2)
  2 giant cockroaches
  3 goblins
  6 hobgoblins
  6 jackals
  A kobold (D:1)
  6 bats
  3 frilled lizards (D:1)
  6 rats
42 creatures vanquished.

Notes
Turn   | Place    | Note
-------+----------+-------------------------------------------
     0 | D:1      | PurpleRed the Formicid Fighter began the quest for the Orb.
     0 | D:1      | Reached XP level 1. HP: 18/18 MP: 1/1
   118 | D:1      | Reached XP level 2. HP: 24/24 MP: 2/2
   533 | D:1      | Reached XP level 3. HP: 30/30 MP: 3/3
   716 | D:2      | Reached skill level 4 in Fighting
   774 | D:2      | Found a faded altar of an unknown god.
   899 | D:2      | Reached XP level 4. HP: 20/37 MP: 4/4
  1069 | D:2      | Found a shattered altar of Ashenzari.
  1767 | D:3      | Killed from afar by an orc priest

Skill      XL: |  1  2  3 |
---------------+----------+-----
Fighting       | 4 |  4.2
Axes           | 3 |  3.8
Armour         | |  3.2
Shields        | |  3.6

Action                   |  1- 3 |  4- 6 || total
-------------------------+-------+-------++-------
Melee: War axe           |    87 |    42 ||   129
  Use: Scroll            |       |     6 ||     6
  Eat: Chunk             |       |     3 ||     3
Armor: Scale mail        |    37 |    27 ||    64
Dodge: Dodged            |    29 |    12 ||    41
Block: Shield            |    52 |    30 ||    82
